 Dungeon Crawl Stone Soup version 0.32-a0-485-g70f7560b1c (webtiles) character file.

Game seed: 3502375772638657576

998 NotaViper the Chopper (level 8, -2/61 HPs)
             Began as a Coglin Gladiator on Feb 23, 2024.
             Was an Initiate of Makhleb.
             Succumbed to a gnoll's poison
             ... on level 5 of the Dungeon on Feb 26, 2024.
             The game lasted 00:37:56 (4174 turns).

NotaViper the Chopper (Coglin Gladiator)            Turns: 4174, Time: 00:37:56

Health: -2/61      AC:  9    Str: 16    XL:     8   Next: 19%
Magic:  8/8        EV: 11    Int: 10    God:    Makhleb [......]
Gold:   216        SH:  0    Dex: 17    Spells: 7/7 levels left

rFire   . . .        a - +0 war axe {Jacinta}
rCold   . . .        K - +1 mace "Qodghusi" {speed, *Rage rN+ Will+ Int+3}
rNeg    + . .        j - +0 scale mail
rPois   .            c - +0 helmet
rElec   .            (no cloak)
rCorr   .            s - +0 pair of gloves
SInv    .            (no boots)
Will    +....        (no amulet) Stlth
                     (ring unavailable)
HPRegen 0.30/turn    (ring unavailable)
MPRegen 0.11/turn

%: random rage (20%)
@: lethally poisoned (-2 -> -11), on berserk cooldown, slowed, revving, very
slow
A: off-hand wielding, slow wielding, warmup strikes, no rings
a: Renounce Religion


You were on level 5 of the Dungeon.
You worshipped Makhleb.
Makhleb was noncommittal.
You visited 2 branches of the dungeon, and saw 6 of its levels.

You collected 216 gold pieces.

Inventory:

Hand Weapons
 a - a +0 war axe (weapon) {Jacinta}
 e - a +0 mace
 g - a +0 dagger
 i - a +0 club
 m - a +0 whip of flaming
 p - a +0 club
 w - a +0 short sword
 z - a +0 whip of draining
 F - a +0 flail
 K - the +1 mace "Qodghusi" (offhand) {speed, *Rage rN+ Will+ Int+3}
   (You found it on level 2 of the Dungeon)

   Int+3:     It affects your intelligence (+3).
   rN+:       It protects you from negative energy.
   Will+:     It increases your willpower.
   *Rage:     It berserks you when you make melee attacks (+20% chance).
 N - a +0 rapier
 R - a +0 falchion
Missiles
 d - a throwing net
 n - 4 javelins (quivered)
 r - 39 stones
 T - 4 boomerangs
 V - 12 poisoned darts
Armour
 b - a +0 leather armour
 c - a +0 helmet (worn)
 j - a +0 scale mail (worn)
 s - a +0 pair of gloves (worn)
 t - a +0 chain mail
 x - a +0 chain mail
 A - a +0 robe
 C - a +0 ring mail
 Q - a +0 leather armour
 S - a +0 barding
Magical Staves
 G - a staff of fire
Jewellery
 B - a +6 ring of strength
Wands
 U - a wand of quicksilver (2)
Scrolls
 y - a scroll of noise
 E - a scroll of revelation {unknown}
 I - a scroll of teleportation {unknown}
 J - a scroll of fog
 M - a scroll of enchant weapon {unknown}
 O - a scroll of vulnerability {unknown}
Potions
 f - 4 potions of heal wounds
 h - 3 potions of curing
 k - 2 potions of lignification
 l - a potion of magic {unknown}
 o - a potion of cancellation {unknown}
 u - a potion of haste {unknown}
 v - a potion of berserk rage {unknown}
 D - 2 potions of invisibility {unknown}
 H - 2 potions of mutation {unknown}
 L - 2 potions of degeneration {unknown}
 P - 2 potions of resistance {unknown}
 W - a potion of ambrosia {unknown}


   Skills:
 + Level 4.3 Fighting
 + Level 6.1(6.5) Axes
 + Level 3.0(4.6) Maces & Flails
 + Level 2.0 Throwing
 + Level 3.2 Armour
 + Level 3.9 Dodging
 + Level 1.0 Stealth


You had 7 spell levels left.
You didn't know any spells.
Your spell library contained the following spells:

 Spells                   Type           Power      Damage    Failure   Level
 Shock                    Conj/Air       0%         1d3       80%         1
 Swiftness                Air            0%         N/A       99%         3
 Airstrike                Air            0%         2d(0-16)  100%        4


Dungeon Overview and Level Annotations

Branches:
Dungeon (5/15)             Temple (1/1) D:4

Altars:
Ashenzari
Cheibriados
Dithmenos
Elyvilon
Gozag
Hepliaklqana
Makhleb
Nemelex Xobeh
Ru
Sif Muna
Uskayaw
Vehumet
Wu Jian
Xom
Yredelemnul
Zin
The Shining One

Shops:
D:2 (


Innate Abilities, Weirdness & Mutations

You can wield a second weapon in your off-hand.
It takes a long time for you to wield or remove held weapons.
Your first few attacks do less damage.
Your grasper-arms cannot wear rings.


Message History

You are exhausted.
You feel yourself slow down.
The gnoll shouts!
The gnoll attacks as it pursues you!
The gnoll hits you with a +2 whip of venom!
You are poisoned.
You barely miss the gnoll with your +0 war axe.
You hit the gnoll with your +0 war axe.
You closely miss the gnoll with the +1 mace "Qodghusi".
You feel very sick.
The gnoll barely misses you. x2; The gnoll misses you.
You feel very sick. The gnoll completely misses you. The gnoll misses you.
The gnoll hits you with a +0 whip!
The gnoll hits you with a +2 whip of venom.
You are more poisoned.
The gnoll hits you with a +0 whip.
You slash the gnoll with your +0 war axe!
The gnoll is almost dead.
You hit the gnoll with your +0 war axe. x2
You slash the gnoll with your +0 war axe!
You barely miss the gnoll with the +1 mace "Qodghusi".
You feel very sick. The gnoll hits you but does no damage.
The gnoll hits you with a +0 whip.
The gnoll hits you with a +2 whip of venom.
You are lethally poisoned!
The gnoll closely misses you. The gnoll hits you but does no damage.
The gnoll closely misses you.
The gnoll hits you with a +2 whip of venom.
* * * LOW HITPOINT WARNING * * *
As you read the scroll of fear, it crumbles to dust.
You assume a fearsome visage.
The gnoll looks frightened! x4
* * * LOW HITPOINT WARNING * * *
You feel extremely sick.
As you read the scroll of fear, it crumbles to dust.
You assume a fearsome visage.
Nothing appears to happen.
* * * LOW HITPOINT WARNING * * *
You feel very sick.
As you read the scroll of fog, it dissolves into smoke.
You die...

.#........#...........#
.#........'...........#
.#........##############
.####+#.................
......#.....g.†.........
......#.................
......'.......)(§§......
#######........§§§§.....
##########@§..g.##
#§§....# #§§....# .
'......# # .#g...g.#
.?###'#### .g .. ... ...
... ....


You could see 3 gnolls.

Vanquished Creatures
  Pikel (D:5)
  Menkaure (D:4)
  4 lemures (D:5)
  A scorpion (D:5)
  A jelly (D:5)
  An orc priest (D:4)
  A gnoll bouda (D:5)
  3 orc wizards
  A gnoll (D:5)
  9 adders
  4 ufetubi (D:5)
  3 ribbon worms
  5 orcs
  6 endoplasms
  4 giant cockroaches
  9 goblins
  5 hobgoblins
  7 jackals
  4 kobolds
  A quokka (D:1)
  7 ball pythons
  7 bats
  7 frilled lizards
  3 rats
95 creatures vanquished.

Vanquished Creatures (others)
  A hobgoblin (D:2)
1 creature vanquished.

Grand Total: 96 creatures vanquished

Notes
Turn   | Place    | Note
-------+----------+-------------------------------------------
     0 | D:1      | NotaViper the Coglin Gladiator began the quest for the Orb.
     0 | D:1      | Reached XP level 1. HP: 16/16 MP: 1/1
   211 | D:1      | Reached XP level 2. HP: 22/22 MP: 2/2
   410 | D:1      | Upgraded the game from 0.32-a0-450-g080537f31e to
                  | 0.32-a0-485-g70f7560b1c
   518 | D:1      | Reached XP level 3. HP: 27/27 MP: 3/3
  1147 | D:2      | Reached XP level 4. HP: 28/34 MP: 4/4
  1211 | D:2      | Found Irhanl Seith's Weapon Boutique.
  1549 | D:2      | Found a broken altar of Ashenzari.
  1628 | D:2      | Identified the +1 mace "Qodghusi" {speed, *Rage rN+ Will+
                  | Int+3}
  1887 | D:3      | Reached skill level 1 in Armour
  2589 | D:3      | Reached XP level 5. HP: 41/41 MP: 5/5
  2862 | D:4      | Reached skill level 4 in Axes
  3149 | D:4      | Reached XP level 6. HP: 47/47 MP: 6/6
  3167 | D:4      | Found a staircase to the Ecumenical Temple.
  3173 | Temple   | Entered the Ecumenical Temple
  3227 | Temple   | Became a worshipper of Makhleb the Destroyer
  3256 | D:4      | Noticed Menkaure
  3258 | D:4      | Killed Menkaure
  3259 | D:4      | Reached skill level 1 in Maces & Flails
  3760 | D:5      | Entered Level 5 of the Dungeon
  3788 | D:5      | Found a shadowy altar of Dithmenos.
  3822 | D:5      | Noticed Pikel
  3900 | D:5      | Killed Pikel
  3901 | D:5      | Reached skill level 5 in Axes
  3901 | D:5      | Reached XP level 7. HP: 17/54 MP: 7/7
  4035 | D:5      | Reached XP level 8. HP: 60/60 MP: 8/8
  4157 | D:5      | Reached skill level 6 in Axes
  4164 | D:5      | Reached skill level 1 in Stealth
  4173 | D:5      | HP: 1/61 [poisoned by a gnoll]
  4174 | D:5      | Succumbed to a gnoll's poison

Illustrated notes

Levels and vault maps discovered:
D:1:      minmay_arrival_checkered_box, layout_basic, minmay_tetromino_l4
D:2:      layout_rooms, basic_altar, serial_shops, shop, lemuel_flame_loot_1
D:3:      layout_loops_corners
D:4:      layout_loops_ring, minmay_temple_entry_hall,
          serial_library_hellmonk_angled_corner, uniq_menkaure
D:5:      layout_gridville, lemuel_round_altar, kennysheep_potato,
          uniq_prince_ribbit1, uniq_pikel
Temple:   eino_temple_scatter_basement

Skill      XL: |  1  2  3  4  5  6  7  8 |
---------------+-------------------------+-----
Dodging        | 3 |  3.9
Throwing       | 2 |  2.0
Armour         | 1 3 |  3.2
Fighting       | 3 4 |  4.3
Axes           | 4 5 6 |  6.1
Maces & Flails | 2 3 |  3.0
Stealth        | 1 |  1.0

Action                     |  1- 3 |  4- 6 |  7- 9 || total
---------------------------+-------+-------+-------++-------
  Melee: War axe           |    99 |    91 |    18 ||   208
         Mace              |       |    78 |    18 ||    96
  Throw: Throwing net      |     3 |     1 |       ||     4
         Stone             |     4 |       |       ||     4
         Javelin           |     1 |     1 |     2 ||     4
         Dart              |       |       |     1 ||     1
    Use: Scroll            |       |     6 |     7 ||    13
 Armour: Leather armour    |    25 |       |       ||    25
         Scale mail        |    57 |    80 |    19 ||   156
  Dodge: Dodged            |    59 |    78 |    19 ||   156

Table legend: (Time is in decaauts)
 A = Elapsed time spent in this place.
 B = Non-inter-level travel time spent in this place.
 C = Inter-level travel time spent in this place.
 D = Time resting spent in this place.
 E = Time spent auto-exploring this place.
 F = Levels seen in this place.
 G = Mean time per level.
                   A        B        C        D        E       F      G
               +--------+--------+--------+--------+--------+-----+--------+
         Total |   4341 |   4341 |      0 |    206 |   1496 |   6 |  723.5 |
       Dungeon |   4264 |   4264 |      0 |    206 |   1496 |   5 |  852.8 |
        Temple |     76 |     76 |      0 |      0 |      0 |   1 |   76.0 |
               +--------+--------+--------+--------+--------+-----+--------+

Top non-repeatable levels by time:
     D:3: 1004 daAuts
     D:1: 960 daAuts
     D:2: 939 daAuts
     D:4: 906 daAuts
     D:5: 453 daAuts
  Temple: 76 daAuts
